Map: Dusty Gorge

Players

OpuS

  • Race: Protoss Protoss
  • League: Diamond
  • Spawn Location: 9:00

Sketchaphone

  • Race: Zerg Zerg
  • League: Gold
  • Spawn Location: 11:00

CaptSchmidt - Winner!

  • Race: Terran Terran
  • League: Diamond
  • Spawn Location: 3:00

VasperKnight - Winner!

  • Race: Terran Terran
  • League: Diamond
  • Spawn Location: 5:00

VOD

Have the link to the VOD?

Description

Time

  • Played on: Jan. 20, 2019, 7:26 p.m.
  • Length: 14:20
Show
View Real Time Build Order
Export as new Build Order

OpuS Protoss 

Build Orders:  

Get SALT Encoding   

  12  0:01  Probe  
  13  0:13  Probe  
  14  0:20  Pylon  
  14  0:25  Probe  
  15  0:36  Probe  
  15  0:42  Gateway  
  16  0:44  Probe  
  17  0:52  Probe  
  17  0:56  Assimilator  
  18  1:00  Probe  
  18  1:09  Probe  
  20  1:21  Pylon  
  20  1:25  Probe  
  21  1:32  Cybernetics Core  
  21  1:42  Assimilator  
  21  1:43  Probe  
  22  1:55  Probe  
  23  2:04  Forge  
  23  2:07  Probe  
  24  2:09  Stalker  
  24  2:14  Warp Gate, Gateway  
  25  2:22  Gateway  
  25  2:28  Pylon  
  25  2:41  Stalker  
  27  3:10  Sentry x2  
  27  3:12  Sentry  
  33  3:17  Nexus  
  33  3:33  Probe  
  34  3:38  Twilight Council  
  34  3:40  Adept x2  
  38  3:55  Pylon  
  38  4:03  Pylon  
  38  4:05  Charge  
  38  4:10  Adept  
  40  4:19  Probe  
  41  4:28  Robotics Facility  
  41  4:29  Probe  
  42  4:33  Probe  
  43  4:42  Photon Cannon  
  44  4:45  Probe  
  44  5:08  Probe x2  
  44  5:10  Stalker  
  44  5:11  Stalker  
  44  5:12  Sentry  
  52  5:20  Probe x2  
  54  5:24  Pylon  
  55  5:28  Observer  
  55  5:32  Probe x2  
  55  5:34  Protoss Ground Weapons Level 1  
  57  5:38  Gateway  
  57  5:44  Probe x2  
  59  5:56  Probe x2  
  61  5:57  Stalker x2  
  61  5:58  Stalker  
  67  6:12  Photon Cannon  
  67  6:14  Pylon  
  57  6:32  Stalker  
  57  6:33  Stalker x2  
  56  6:44  Observer  
  55  6:51  Probe  
  56  7:03  Probe  
  57  7:11  Assimilator  
  57  7:14  Stalker, Assimilator  
  57  7:15  Zealot x3, Probe  
  66  7:17  Probe  
  67  7:27  Probe  
  67  7:29  Probe  
  61  7:45  Zealot x3  
  61  7:47  Zealot  
  69  7:53  Photon Cannon  
  69  7:54  Probe  
  69  7:55  Probe  
  69  7:56  Photon Cannon  
  71  8:06  Probe  
  71  8:09  Robotics Bay  
  72  8:14  Photon Cannon  
  72  8:17  Photon Cannon  
  72  8:19  Photon Cannon  
  72  8:30  Zealot x3  
  76  8:37  Protoss Ground Weapons Level 2  
  76  8:39  Probe  
  76  8:40  Probe  
  67  9:04  Probe x2  
  69  9:16  Probe x2  
  71  9:28  Probe x2  
  71  9:29  Colossus  
  73  9:32  Extended Thermal Lance  
  79  9:40  Probe  
  79  9:41  Probe  
  79  9:53  Probe x2  
  79  9:58  Nexus  
  79  9:59  Zealot x2  
  75  10:00  Zealot x2  
  75  10:05  Probe  
  80  10:13  Colossus  
  80  10:24  Pylon, Templar Archives  
  80  10:27  Pylon  
  86  10:50  Gateway  
  86  10:52  Gateway  
  86  10:53  Gateway  
  86  10:54  Colossus, Psionic Storm  
  86  10:58  Gateway  
  86  11:08  High Templar x4  
  99  11:32  Probe  
  100  11:33  Probe x2  
  102  11:41  Zealot x3  
  102  11:42  Zealot  
  110  11:50  Colossus  
  110  11:51  Forge  
  116  11:58  Robotics Facility  
  116  12:08  Probe  
  117  12:12  Pylon  
  117  12:13  Pylon  
  89  12:30  Probe  
  89  12:31  Probe  
  85  12:42  Probe  
  85  12:44  Colossus  
  64  12:58  Colossus  
  64  13:08  Zealot x3  
  64  13:09  Zealot  
  72  13:15  Probe x2  
  71  13:27  Probe  
  61  13:55  Zealot  
  61  13:56  Zealot x4  
  61  13:57  Zealot x2  
Show
View Real Time Build Order
Export as new Build Order

Sketchaphone Zerg 

Build Orders: Hatch First 

Get SALT Encoding   

  12  0:02  Drone  
  13  0:13  Overlord  
  13  0:18  Drone  
  14  0:27  Drone, Extractor  
  14  0:33  Drone  
  16  0:41  Drone  
  17  0:44  Extractor  
  17  0:46  Drone  
  17  1:06  Hatchery  
  17  1:09  Drone  
  17  1:11  Drone  
  18  1:20  Drone  
  19  1:30  Drone  
  20  1:41  Overlord  
  20  1:50  Spawning Pool  
  20  1:51  Overlord  
  19  2:04  Drone  
  19  2:14  Drone  
  20  2:20  Drone  
  21  2:24  Drone  
  22  2:37  Zergling x2  
  22  2:38  Zergling x2  
  22  2:42  Metabolic Boost  
  22  2:44  Hatchery  
  23  2:49  Queen  
  25  2:57  Queen  
  27  3:05  Drone  
  28  3:06  Drone  
  28  3:11  Drone x2  
  31  3:15  Drone  
  31  3:18  Overlord  
  32  3:37  Queen  
  34  3:41  Drone x2  
  34  3:42  Overlord x2  
  34  3:44  Zergling x2  
  34  3:45  Drone  
  38  3:56  Roach Warren  
  37  4:10  Overlord, Drone  
  37  4:11  Overlord  
  37  4:12  Drone x3  
  41  4:18  Drone  
  41  4:19  Drone x2  
  41  4:22  Drone  
  45  4:26  Zergling x4  
  46  4:40  Lair  
  46  4:48  Evolution Chamber  
  45  4:58  Overlord, Drone x5  
  50  5:00  Hatchery  
  50  5:01  Extractor  
  50  5:03  Drone  
  50  5:05  Evolution Chamber, Drone  
  49  5:26  Zerg Ground Armor Level 1  
  49  5:29  Pneumatized Carapace  
  49  5:30  Overlord  
  49  5:31  Drone x2  
  49  5:32  Drone x2  
  53  5:35  Queen  
  53  5:37  Drone x2  
  53  5:38  Drone  
  53  5:39  Zergling x2  
  59  5:43  Zerg Missile Weapons Level 1  
  59  5:47  Hydralisk Den  
  58  5:53  Drone  
  58  5:54  Overlord x2, Drone x2, Extractor  
  60  5:57  Glial Reconstitution  
  60  6:05  Zergling x2  
  61  6:30  Grooved Spines  
  61  6:31  Roach x2  
  61  6:32  Roach x2  
  68  6:36  Overlord x2, Drone x3  
  68  6:37  Drone x2, Extractor  
  70  6:41  Extractor  
  70  6:42  Drone  
  70  6:43  Queen  
  72  6:49  Roach x5  
  72  6:52  Roach  
  60  7:02  Roach x3  
  60  7:04  Zergling x4  
  68  7:15  Zergling x8  
  68  7:16  Overlord, Drone x2  
  68  7:24  Drone x2  
  68  7:25  Drone x2  
  72  7:31  Drone  
  72  7:32  Drone  
  72  7:35  Drone  
  75  7:39  Drone  
  75  7:40  Drone  
  77  7:47  Drone x2  
  79  8:09  Hatchery  
  79  8:12  Extractor  
  77  8:13  Drone x5, Extractor  
  77  8:14  Overlord x2  
  81  8:23  Zerg Missile Weapons Level 2  
  81  8:24  Infestation Pit  
  80  8:32  Drone x3  
  80  8:33  Overlord  
  83  8:40  Zerg Ground Armor Level 2  
  83  8:54  Queen x2  
  87  9:02  Drone  
  88  9:06  Pathogen Glands  
  88  9:07  Muscular Augments  
  88  9:08  Roach, Hydralisk  
  88  9:09  Roach  
  94  9:29  Roach, Hydralisk x3  
  94  9:30  Roach  
  95  9:41  Spore Crawler  
  91  9:45  Hydralisk x2  
  91  9:46  Hydralisk  
  91  9:47  Drone x2  
  88  9:58  Hydralisk x2  
  88  9:59  Roach x2  
  82  10:16  Drone x3  
  85  10:24  Drone x5  
  85  10:25  Drone x4  
  93  11:01  Hatchery  
  92  11:08  Roach x2  
  92  11:09  Roach, Infestor x2, Hydralisk x3  
  108  11:20  Hatchery  
  107  11:26  Hive  
  107  11:29  Hydralisk x2  
  107  11:31  Roach  
  113  11:47  Hydralisk x3  
  119  12:26  Roach x8, Hydralisk x3  
  121  12:54  Infestor x2  
  121  12:55  Hydralisk x5  
  125  13:11  Queen  
  127  13:17  Drone  
  127  13:18  Drone x2  
  130  13:24  Infestor x2  
  134  13:29  Overlord x3  
  132  13:39  Lurker Den  
  131  14:03  Zergling x6  
Show
View Real Time Build Order
Export as new Build Order

CaptSchmidt Terran - Winner!

Build Orders:  

Get SALT Encoding   

  12  0:00  SCV  
  13  0:18  SCV  
  14  0:26  Supply Depot  
  14  0:31  SCV  
  15  0:48  SCV  
  16  0:50  Barracks  
  16  0:53  Barracks  
  16  1:00  SCV  
  17  1:12  SCV  
  18  1:24  SCV  
  19  1:37  Orbital Command  
  19  1:51  Command Center  
  19  1:53  Supply Depot  
  19  1:57  Marine  
  19  1:59  Marine  
  21  2:15  Marine  
  21  2:17  Marine  
  21  2:18  Refinery  
  21  2:21  Refinery, SCV  
  24  2:33  Marine  
  24  2:34  Marine, SCV  
  27  2:54  Marine x2  
  27  2:56  SCV  
  30  3:03  Orbital Command  
  30  3:08  SCV  
  31  3:16  Factory  
  31  3:22  SCV  
  31  3:25  Barracks Tech Lab  
  31  3:26  Barracks Reactor, Refinery  
  32  3:40  Engineering Bay x2, SCV x2  
  34  3:43  Stimpack  
  34  3:52  SCV x2  
  36  4:01  Starport, Factory Reactor  
  36  4:04  Marine  
  36  4:05  Marine  
  36  4:06  Marauder  
  40  4:10  SCV  
  40  4:14  SCV, Supply Depot  
  42  4:20  Supply Depot  
  42  4:23  Terran Infantry Weapons Level 1  
  42  4:29  Terran Infantry Armor Level 1  
  42  4:30  SCV  
  45  4:38  Marauder  
  45  4:46  SCV  
  45  4:47  Factory Tech Lab, Refinery  
  46  4:53  SCV  
  46  4:55  Marine x2  
  46  4:59  Marauder  
  51  5:01  Medivac  
  51  5:02  Medivac  
  55  5:08  SCV x2  
  57  5:18  Supply Depot  
  57  5:20  SCV x2  
  59  5:21  Supply Depot  
  59  5:22  Armory  
  59  5:32  Marine, SCV x2  
  62  5:39  Marine x2  
  64  5:44  Combat Shield  
  64  5:46  Medivac  
  64  5:47  Medivac  
  68  5:55  SCV x2  
  70  5:59  Marauder, Marine x2  
  74  6:07  SCV  
  74  6:08  SCV  
  76  6:15  Barracks  
  76  6:17  Barracks  
  74  6:40  Marauder, Marine x2  
  78  6:58  Marine  
  78  6:59  Marine  
  78  7:03  Concussive Shells  
  78  7:13  Medivac, Marauder  
  78  7:15  Medivac  
  77  7:16  Marine  
  77  7:17  Marine  
  77  7:20  Terran Infantry Weapons Level 2, Terran Infantry Armor Level 2  
  74  7:23  Barracks Tech Lab  
  74  7:24  Barracks Reactor  
  74  7:26  Siege Tank  
  77  7:51  Command Center  
  77  7:55  Starport  
  77  7:57  Factory  
  77  8:03  Supply Depot  
  77  8:05  Supply Depot  
  77  8:06  Supply Depot  
  77  8:07  Supply Depot  
  77  8:09  Liberator x2  
  77  8:13  Terran Vehicle Weapons Level 1  
  77  8:25  Marauder x2, Marine x4, SCV  
  92  8:28  Supply Depot  
  92  8:42  Marine  
  92  8:43  Marine x3  
  92  8:45  SCV x2  
  92  8:47  Marauder x2  
  102  8:54  Factory Reactor, Command Center  
  102  8:57  Infernal Pre-Igniter, SCV  
  102  9:01  Starport Tech Lab  
  103  9:06  Orbital Command  
  103  9:08  Marauder  
  95  9:41  Liberator  
  95  9:54  Marine x2  
  95  9:55  Marauder x2, Siege Tank  
  95  9:56  Hellbat x2  
  95  9:57  Medivac x2  
  114  10:15  Drilling Claws  
  114  10:16  Marauder, Marine x4  
  114  10:18  Hellbat  
  114  10:20  Liberator x2  
  122  10:29  Orbital Command  
  122  10:35  Factory  
  122  10:40  Marine  
  122  10:41  Marine x5, Raven  
  140  10:43  Hellbat x3  
  142  10:55  SCV  
  142  10:56  SCV x2  
  145  10:58  Marine  
  148  11:04  Hellbat  
  148  11:20  Refinery, Liberator  
  148  11:22  Refinery  
  148  11:26  Sensor Tower  
  148  11:27  Missile Turret  
  148  11:28  Missile Turret  
  148  11:36  Supply Depot  
  148  11:37  Marine x2  
  148  11:38  Marauder, SCV  
  156  11:45  Supply Depot  
  156  11:46  Supply Depot  
  156  11:47  Supply Depot x2  
  156  11:51  Orbital Command, Supply Depot  
  156  11:56  Missile Turret  
  156  11:57  Raven  
  156  11:58  Widow Mine, Marauder, Missile Turret, SCV x2, Terran Vehicle Weapons Level 2  
  164  12:06  Marine x5  
  164  12:07  Widow Mine, SCV  
  172  12:10  SCV  
  172  12:11  Supply Depot  
  172  12:12  Supply Depot  
  172  12:13  Supply Depot  
  173  12:17  Hellbat  
  173  12:19  Marine, Siege Tank  
  179  12:24  Marine x4  
  179  12:28  Hellbat  
  185  12:38  Widow Mine  
  171  13:14  Fusion Core  
  171  13:36  Siege Tank  
Show
View Real Time Build Order
Export as new Build Order

VasperKnight Terran - Winner!

Build Orders:  

Get SALT Encoding   

  12  0:02  SCV  
  13  0:14  SCV  
  14  0:26  SCV, Supply Depot  
  15  0:50  Barracks  
  15  0:51  Barracks  
  15  0:55  SCV  
  16  0:59  Refinery  
  16  1:07  SCV  
  17  1:19  SCV  
  18  1:38  Marine  
  18  1:39  Marine  
  20  1:42  Orbital Command, Supply Depot  
  20  1:56  Marine x2  
  22  2:10  SCV  
  23  2:23  Command Center  
  23  2:27  SCV  
  24  2:32  Marine x2  
  26  2:39  SCV  
  27  2:44  Factory  
  27  2:48  Refinery  
  27  2:52  SCV  
  27  2:55  Marine x2  
  30  3:04  Supply Depot  
  30  3:09  SCV  
  31  3:19  Barracks Tech Lab  
  31  3:20  Barracks Reactor  
  31  3:25  SCV  
  32  3:28  Starport  
  32  3:29  Widow Mine  
  34  3:36  Orbital Command  
  34  3:41  SCV  
  35  3:46  Marauder  
  37  3:52  Widow Mine  
  37  3:53  SCV  
  40  4:00  Marine x2  
  42  4:03  SCV  
  42  4:05  SCV  
  42  4:08  Medivac  
  46  4:13  Stimpack  
  46  4:21  Marine x2  
  46  4:22  Marauder  
  50  4:25  SCV  
  50  4:26  SCV  
  50  4:28  Widow Mine  
  54  4:40  Supply Depot  
  54  4:43  Supply Depot  
  54  4:45  Supply Depot  
  54  4:56  Refinery  
  54  4:57  Factory Reactor  
  54  4:58  Refinery  
  54  5:01  Engineering Bay  
  54  5:02  Medivac, SCV x2  
  54  5:04  Marauder  
  60  5:07  Marine  
  60  5:08  Marine  
  62  5:14  Supply Depot  
  62  5:24  Barracks  
  62  5:25  Barracks  
  62  5:31  Marine x2  
  62  5:33  Marauder  
  66  5:36  Terran Infantry Weapons Level 1  
  66  5:40  SCV  
  66  5:41  SCV  
  68  5:59  Widow Mine x2  
  68  6:00  SCV x2  
  68  6:02  Factory, Starport Reactor  
  74  6:11  Barracks  
  74  6:12  SCV x2  
  74  6:15  Missile Turret  
  76  6:18  Marine  
  76  6:19  Marine  
  64  6:56  Marauder, Marine x2  
  64  6:59  Barracks Reactor, Barracks Tech Lab  
  68  7:08  Factory Tech Lab  
  68  7:11  Medivac x2  
  68  7:13  Barracks Tech Lab  
  68  7:14  Marine x2  
  74  7:18  Marauder  
  74  7:20  Starport  
  74  7:22  Armory  
  70  7:26  Marauder  
  72  7:31  Marine  
  72  7:32  Siege Tank  
  72  7:33  Widow Mine x2  
  72  7:36  Marauder  
  82  7:39  Marauder  
  82  7:47  Marauder  
  82  7:50  SCV x2  
  86  8:05  Supply Depot  
  86  8:07  Supply Depot  
  86  8:12  Command Center  
  86  8:26  Marine x2, SCV x2  
  94  8:27  Marauder x2  
  94  8:28  Marine x2, Supply Depot  
  94  8:29  Medivac x2, Marauder  
  102  8:44  Combat Shield  
  102  8:45  Marine  
  102  8:46  Marine  
  93  9:00  Marauder x3, Marine x2  
  93  9:02  Widow Mine x2, Siege Tank  
  101  9:04  Drilling Claws  
  101  9:06  Terran Infantry Armor Level 1  
  101  9:07  Terran Vehicle Weapons Level 1  
  101  9:16  Engineering Bay  
  101  9:17  Starport Tech Lab  
  101  9:26  Fusion Core  
  101  9:27  SCV x2  
  103  9:32  Planetary Fortress  
  107  9:38  Marauder x2  
  107  9:40  Medivac x2  
  107  9:42  Marine  
  107  9:43  Marine  
  104  10:04  Marauder, Marine x2  
  104  10:05  Marauder x2, Marine x2  
  114  10:11  SCV  
  115  10:16  Terran Infantry Weapons Level 2  
  115  10:21  Widow Mine, Supply Depot  
  115  10:22  Widow Mine x2, Supply Depot  
  115  10:23  Medivac x2  
  125  10:29  Supply Depot  
  125  10:42  Marine x2  
  125  10:43  Widow Mine x2  
  125  10:44  Siege Tank  
  125  10:46  Refinery  
  125  10:48  Missile Turret  
  134  10:52  Missile Turret  
  134  10:55  Bunker, Refinery  
  134  11:02  SCV x3  
  137  11:07  Supply Depot x2  
  137  11:10  Widow Mine x2  
  141  11:14  SCV  
  141  11:15  Marine x4  
  148  11:18  Marauder  
  148  11:29  Marauder  
  150  11:34  Marauder, Marine x2  
  154  11:47  Supply Depot  
  154  11:49  Supply Depot  
  154  11:57  SCV x2  
  154  12:01  Marauder x3, Marine x3, Supply Depot  
  162  12:07  Supply Depot  
  162  12:08  Marine  
  165  12:14  Command Center  
  154  12:34  Siege Tank  
  154  12:35  Marauder x3, Marine x2  
  148  12:48  SCV  
  148  12:49  SCV  
  141  13:00  SCV  
  142  13:16  Command Center  
Tags
 
Add a new tag
Caveats
  • Supply blocks, unpowered buildings, or Contaminate may cause inaccurate times.
  • Supply counts are checked every 10 seconds.